 Dungeon Crawl Stone Soup version 0.25-a0-517-gf8b3a32422 (webtiles) character file.

Game seed: 4403741303818120763, levelgen mode: classic

6197 EnegeticOcto the Cleaver (level 10, 32/99 HPs)
             Began as a Deep Dwarf Fighter on Feb 17, 2020.
             Was a Believer of Ru.
             Quit the game on level 11 of the Dungeon.
             The game lasted 00:05:46 (7543 turns).

EnegeticOcto the Cleaver (Deep Dwarf Fighter)       Turns: 7543, Time: 00:05:47

Health: 32/99      AC: 13    Str: 24    XL:     10   Next: 61%
Magic:  0/0        EV: 10    Int:  8    God:    Ru [**....]
Gold:   462        SH:  0    Dex: 14    Spells: 9/9 levels left

rFire    + . .     SeeInvis .   w - +2 battleaxe (flame)
rCold    . . .     Gourm    .   (shield currently unavailable)
rNeg     . . .     Faith    +   u - +0 plate armour
rPois    .         Spirit   .   (no helmet)
rElec    .         Reflect  .   (no cloak)
rCorr    .         Harm     .   (no gloves)
MR       ++...                  (no boots)
Stlth    ..........             y - amulet of faith
HPRegen  0.00/turn              (no ring)
MPRegen  0.07/turn              (no ring)

@: non-regenerating
A: damage resistance, heal wounds, agile 1, fire resistance 1, magic resistance
1, sense surroundings 2, inexperienced 1, no regeneration
a: Heal Wounds, Renounce Religion


You were on level 11 of the Dungeon.
You worshipped Ru.
Ru was pleased with you.
You were not hungry.

You visited 2 branches of the dungeon, and saw 12 of its levels.
You also visited: Sewer and Ossuary.

You collected 462 gold pieces.

Inventory:

Hand Weapons
 a - a +1 war axe
 w - a +2 battleaxe of flaming (weapon)
Missiles
 f - 2 throwing nets (quivered)
Armour
 c - a +1 kite shield
 u - a +0 plate armour (worn)
Jewellery
 y - an amulet of faith (around neck)
 H - an uncursed amulet of guardian spirit {unknown}
Wands
 l - a wand of scattershot (5)
 v - a wand of iceblast (18)
 B - a wand of paralysis (9)
 C - a wand of polymorph (21)
Scrolls
 d - a scroll of fear
 h - 2 scrolls of magic mapping {@r5}
 q - a scroll of immolation {@r4}
 s - a scroll of acquirement {unknown}
 x - a scroll of fog
 z - a scroll of remove curse {@r6}
 A - 2 scrolls of enchant armour
 D - 4 scrolls of identify {@r1}
 E - 8 scrolls of teleportation {@r2}
 G - a scroll of blinking {@r3}
Potions
 b - 5 potions of agility
 g - a potion of haste {unknown}
 i - a potion of mutation
 j - 4 potions of curing {@q1}
 k - 5 potions of might {@q3}
 m - a potion of resistance {@q6}
 n - 2 potions of lignification {@q7}
 o - 3 potions of flight
 p - a potion of heal wounds {@q2}
 r - a potion of berserk rage
 t - a potion of brilliance
Comestibles
 e - 26 rations
 F - 2 chunks of flesh


   Skills:
 * Level 9.2 Fighting
 * Level 14.5 Axes
 + Level 8.0 Armour
 + Level 7.0 Dodging
 - Level 6.8 Shields
 + Level 4.2 Evocations


You had 9 spell levels left.
You didn't know any spells.
Your spell library contained the following spells:

 Spells                   Type           Power        Failure   Level  Hunger
 Corona                   Hex            #......      99%         1    ##.....
 Ensorcelled Hibernation  Hex/Ice        #.....       100%        2    ###....
 Confusing Touch          Hex            #.......     100%        3    ####...
 Dazzling Flash           Conj/Hex       #.....       100%        3    ####...
 Tukima's Dance           Hex            #.......     100%        3    ####...


Dungeon Overview and Level Annotations

Branches:
Dungeon (11/15)            Temple (1/1) D:7            Lair (0/6) D:8
  Sewer (visited)         Ossuary (visited)
    Orc: D:9-12

Altars:
Ashenzari
Cheibriados
Dithmenos
Elyvilon
Fedhas
Gozag
Hepliaklqana
Kikubaaqudgha
Nemelex Xobeh
Okawaru
Qazlal
Ru
Sif Muna
Trog
Uskayaw
Vehumet
Wu Jian
Xom
Yredelemnul
Zin
The Shining One

Shops:
D:6 :

Annotations:
D:4 2 transporters, kae's ghost, amateur DsGl


Innate Abilities, Weirdness & Mutations

You are resistant to damage.
You can heal yourself by infusing magical energy.
You passively map the area around you.
You are somewhat inexperienced. (-2 XL)
You do not regenerate.
You are agile. (Dex +2)
Your flesh is heat resistant. (rF+)
You are resistant to hostile enchantments. (MR+)


Message History

The orc warrior hits you with a +0 halberd.
You slice the orc warrior!! You burn the orc warrior.
You kill the orc warrior!
You hit the orc. You burn the orc.
The orc is heavily wounded.
The orc barely misses you.
You slice the orc!! You burn the orc.
You kill the orc!
Items here: )) [[ † a +0 flail; a +0 leather armour; a +0 halberd; a +0 chain mail; an orc corpse You butcher the orc corpse.
F - 19 chunks of flesh (gained 2)
Items here: )) [[ ÷ a +0 flail; a +0 leather armour; a +0 halberd; a +0 chain mail; an orc skeleton
Items here: )) [[ ÷ a +0 flail; a +0 leather armour; a +0 halberd; a +0 chain mail; an orc skeleton Some of the chunks of flesh in your inventory have rotted away.
Things that are here:
a +3 war axe; 2 boomerangs; a +0 leather armour Some of the chunks of flesh in your inventory have rotted away.
Found a stone staircase leading down.
There is a stone staircase leading down here.
You see here a shortbow.
A big kobold comes into view.
The big kobold shouts!
The big kobold throws a stone.
The stone barely misses you.
A kobold comes into view.
You see here a stone.
There are monsters nearby!
There are monsters nearby!
You are too injured to fight recklessly!
You are too injured to fight recklessly!
You are too injured to fight recklessly!
You are too injured to fight recklessly!
You are too injured to fight recklessly!
You are too injured to fight recklessly!
You are too injured to fight recklessly!
You are too injured to fight recklessly!
You are too injured to fight recklessly!
You are too injured to fight recklessly!
The big kobold throws a stone.
The stone hits you but does no damage.
You see here a stone.
You barely miss the big kobold.
You redirect the big kobold's attack!
The big kobold misses the kobold.
You closely miss the big kobold.
A kobold comes into view. It is wielding a +0 dagger.
The kobold is stunned by your will and fails to attack.
The kobold shouts!
The kobold barely misses you.
The big kobold hits you but does no damage.
You slash the kobold! You burn the kobold.
You kill the kobold!
You barely miss the big kobold.
The big kobold hits you but does no damage.
You see here 5 stones.
The big kobold throws a stone.
The stone closely misses you.
You see here a stone.
There are monsters nearby!
The big kobold barely misses you.
You see here 5 stones.
You hit the big kobold. You burn the big kobold.
The big kobold is lightly wounded.
The big kobold hits you but does no damage.
You slash the big kobold! You burn the big kobold.
The big kobold is severely wounded.
The big kobold hits you but does no damage.
You closely miss the big kobold.
The big kobold is severely wounded.
The big kobold hits you but does no damage.
You closely miss the big kobold.
The big kobold is severely wounded.
You redirect the kobold's attack!
The kobold throws a stone.
The stone closely misses the kobold.
The big kobold is stunned by your will and fails to attack.
You slash the big kobold! You burn the big kobold.
You kill the big kobold!
The kobold throws a stone.
The stone barely misses you. The kobold hits you but does no damage.
You see here 2 stones.
You slash the kobold! You burn the kobold.
You kill the kobold!
Things that are here:
a +0 dagger; a stone; a kobold corpse You see here a stone.
You see here a stone.
A kobold comes into view.
A kobold comes into view. It is wielding a +0 dagger.
There are monsters nearby!
There are monsters nearby!
There are monsters nearby!
You are too injured to fight recklessly!
You are too injured to fight recklessly!
You are too injured to fight recklessly!
You are too injured to fight recklessly!
You are too injured to fight recklessly!
You are too injured to fight recklessly!
You are too injured to fight recklessly!
You are too injured to fight recklessly!
Are you sure you want to abandon this character and quit the game? (Confirm with "yes".)

#.# #)# #.##.##.#.####....
..#
#.#######.##.##.#.........
###
#....>....##.#...###.###.. #
############.........# #..
########## ###...###.###..
.†....)..# #...# #......
######.#.# #...#####.#..
#.#.##############.......#..
#.#...(....@.........#####..
#.#########.######...# #.. *
#.# #..# #(.######.( * #.#
###.### #.()(((##..
#.########.....###...##.##..
#........#.....#....<.......
##########..K..###...##.....
#..K..# ##......... *
#.....####.########


You could see 2 kobolds.

Vanquished Creatures
  Harold (D:8)
  2 two-headed ogres
  An unseen horror (D:10)
  A komodo dragon (D:8)
  A hornet (D:10)
  A queen bee (D:11)
  Grinder (D:3)
  Prince Ribbit (D:9)
  3 hippogriffs (D:9)
  A meliai zombie (D:11)
  A wraith (Ossuary)
  7 yaks (D:11)
  A hungry ghost (D:9)
  Duvessa (D:7)
  2 black bears
  An eye of draining (D:11)
  3 orc warriors
  4 ice beasts
  2 sky beasts
  8 ogres
  A crocodile (D:10)
  A centaur (D:10)
  4 big kobolds
  A gnoll sergeant (D:9)
  7 bullfrogs
  Dowan (D:7)
  A wyvern zombie (D:9)
  A scorpion (D:4)
  A water moccasin skeleton (D:9)
  45 killer bees
  A howler monkey (D:9)
  2 bullfrog zombies
  A quasit (D:9)
  4 jellies
  7 hounds
  5 orc priests
  3 orc wizards
  A gnoll shaman (D:5)
  2 bullfrog skeletons
  9 worker ants
  3 hound zombies
  2 hound skeletons
  3 mummies (Ossuary)
  A worker ant zombie (D:9)
  9 adders
  7 gnolls
  A river rat (D:6)
  4 shadow imps
  2 oozes
  3 adder skeletons
  4 worms
  2 dart slugs (D:1)
  3 leopard geckos
  31 orcs
  6 giant cockroaches
  A gnoll zombie (Ossuary)
  4 hobgoblins
  10 jackals
  5 quokkas
  4 ball pythons
  9 bats
  2 frilled lizards (D:4)
  5 goblins
  A goblin zombie (Ossuary)
  2 hobgoblin zombies (Ossuary)
  A jackal skeleton (D:4)
  22 kobolds
  5 kobold zombies (Ossuary)
  13 rats
306 creatures vanquished.

Vanquished Creatures (others)
  A plant (D:8)
1 creature vanquished.

Grand Total: 307 creatures vanquished

Notes
Turn   | Place    | Note
-------+----------+-------------------------------------------
     0 | D:1      | EnegeticOcto the Deep Dwarf Fighter began the quest for the
                  | Orb.
     0 | D:1      | Reached XP level 1. HP: 20/20 MP: 1/1
   232 | D:1      | Reached XP level 2. HP: 27/27 MP: 2/2
   454 | D:1      | Reached XP level 3. HP: 29/34 MP: 2/2
   727 | D:3      | Noticed Grinder
   738 | D:3      | Paralysed by Grinder for 4 turns
   765 | D:3      | Paralysed by Grinder for 7 turns
   773 | D:3      | Killed Grinder
   773 | D:3      | Reached skill level 4 in Axes
   773 | D:3      | Reached XP level 4. HP: 28/44 MP: 3/3
   773 | D:3      | Reached XP level 5. HP: 31/50 MP: 4/4
   863 | D:4      | Found a transporter.
   983 | D:4      | Reached XP level 6. HP: 29/57 MP: 4/4
  1213 | D:4      | Found a transporter.
  1213 | D:4      | Noticed kae's ghost (amateur DsGl)
  1262 | D:4      | Found a sacrificial altar of Ru.
  1324 | D:5      | Entered Level 5 of the Dungeon
  1413 | D:5      | Reached XP level 7. HP: 64/66 MP: 2/2
  1418 | D:5      | Found a basalt altar of Yredelemnul.
  1629 | D:5      | Reached skill level 5 in Axes
  1928 | D:6      | Found a glowing drain.
  1957 | Sewer    | Entered a sewer
  2103 | Sewer    | Reached skill level 5 in Fighting
  2126 | Sewer    | Reached skill level 5 in Shields
  2212 | D:6      | Reached XP level 8. HP: 51/74 MP: 3/3
  2423 | D:6      | Reached skill level 5 in Armour
  2620 | D:6      | Reached skill level 6 in Axes
  2639 | D:6      | Found Xuxo's Book Emporium.
  3118 | D:6      | Gained mutation: You are agile. (Dex +2) [potion of
                  | mutation]
  3118 | D:6      | Gained mutation: You are resistant to hostile enchantments.
                  | (MR+) [potion of mutation]
  3118 | D:6      | Gained mutation: Your flesh is heat resistant. (rF+)
                  | [potion of mutation]
  3242 | D:7      | Found a shattered altar of Ashenzari.
  3300 | D:7      | Reached skill level 7 in Axes
  3320 | D:7      | Gained mutation: You passively map the area around you.
                  | [Deep Dwarf growth]
  3320 | D:7      | Reached XP level 9. HP: 56/84 MP: 2/2
  3440 | D:7      | Noticed Duvessa
  3440 | D:7      | Noticed Dowan
  3451 | D:7      | Killed Duvessa
  3455 | D:7      | Killed Dowan
  3630 | D:7      | Found a staircase to the Ecumenical Temple.
  3767 | Temple   | Entered the Ecumenical Temple
  4001 | D:8      | Found the +7 Spriggan's Knife {stab, EV+4 Stlth+}
  4023 | D:8      | Reached skill level 5 in Dodging
  4173 | D:8      | Noticed Harold
  4183 | D:8      | Reached skill level 8 in Axes
  4198 | D:8      | Killed Harold
  4222 | D:8      | Found a shadowy altar of Dithmenos.
  4347 | D:8      | Found a staircase to the Lair.
  4348 | D:8      | Noticed a komodo dragon
  4391 | D:8      | Found a sand-covered staircase.
  4446 | D:8      | Killed a komodo dragon
  4451 | Ossuary  | Entered an ossuary
  4739 | Ossuary  | Reached XP level 10. HP: 46/96 MP: 2/2
  4901 | D:8      | Reached skill level 13 in Axes
  4901 | D:8      | Reached XP level 11. HP: 70/102 MP: 3/3
  5198 | D:9      | Noticed a two-headed ogre
  5214 | D:9      | Killed a two-headed ogre
  5214 | D:9      | Reached skill level 1 in Evocations
  5277 | D:9      | Noticed Prince Ribbit
  5301 | D:9      | Killed Prince Ribbit
  5417 | D:9      | Found a sparkling altar of Nemelex Xobeh.
  5617 | D:10     | Entered Level 10 of the Dungeon
  5659 | D:10     | Killed an unseen horror
  5659 | D:10     | Reached skill level 14 in Axes
  5886 | D:4      | Became a worshipper of Ru the Awakened
  6862 | D:11     | Noticed a two-headed ogre
  6867 | D:11     | Killed a two-headed ogre
  6956 | D:11     | Gained mutation: You are somewhat inexperienced. (-2 XL)
                  | [Ru sacrifice]
  6956 | D:11     | Reached XP level 10. HP: 63/98 MP: 2/2
  6956 | D:11     | Reached XP level 9. HP: 63/90 MP: 1/1
  6956 | D:11     | Reached * piety under Ru
  6956 | D:11     | Reached ** piety under Ru
  6985 | D:11     | Noticed a queen bee
  6996 | D:11     | Reached XP level 10. HP: 82/98 MP: 2/2
  7543 | D:11     | Quit the game

Levels and vault maps discovered:
D:1:      onia_arrival_larder, layout_loops_corners, minmay_split_cup_small
D:2:      minmay_recursive_quarters, layout_basic, grunt_ministairs_11
D:3:      layout_basic, lightli_temple_of_fire,
          chequers_ecumenical_altar_simple_redux, uniq_grinder
D:4:      layout_rooms, nicolae_ru_path_of_blood, gammafunk_ghost_mausoleum,
          first_ration
D:5:      layout_basic, lemuel_doored_altar
D:6:      layout_layer_cave, serial_shops, shop, cheibrodos_sewer_entry_sluice
D:7:      layout_rooms, minmay_temple_entry_fiery, basic_altar,
          minmay_misc_feat_encased, corexii_leaking_fountain, uniq_duvessa
D:8:      layout_rooms, david_lair_shrubbed, enter_ossuary_1, basic_altar,
          uniq_harold
D:9:      layout_loops_ring, nemelex_xobeh_ov_fountains_minmay,
          uniq_prince_ribbit1
D:10:     layout_stronghold
D:11:     layout_loops_ring, special_room [special_room_bee]
Temple:   hc_temple_tempest_star

Skill      XL: |  1  2  3  4  5  6  7  8  9 10 11 |
---------------+----------------------------------+-----
Fighting       | 3 4 5 6 7 9 8 |  9.2
Axes           | 4 5 7 8 13 14 | 14.5
Armour         | 4 5 6 8 7 |  8.0
Dodging        | 2 3 4 5 7 6 |  7.0
Shields        | 4 5 6 |  6.8
Evocations     | 4 3 |  4.2

Action                   |  1- 3 |  4- 6 |  7- 9 | 10-12 || total
-------------------------+-------+-------+-------+-------++-------
Melee: War axe           |   121 |   147 |   375 |       ||   643
       Battleaxe         |       |       |    71 |   295 ||   366
Invok: Sacrifice Experie |       |       |     1 |       ||     1
 Abil: Heal Wounds       |     2 |     6 |    17 |    16 ||    41
  Use: Scroll            |       |    12 |     4 |     8 ||    24
       Potion            |       |       |     1 |     5 ||     6
 Stab: Invisible         |       |       |     2 |       ||     2
  Eat: Chunk             |       |     2 |    11 |     8 ||    21
       Ration            |       |       |       |     1 ||     1
Armor: Scale mail        |    45 |       |       |       ||    45
       Chain mail        |    26 |    75 |       |       ||   101
       Plate armour      |       |     4 |   235 |   196 ||   435
Dodge: Dodged            |    23 |    39 |   159 |   201 ||   422
Block: Kite shield       |    59 |    79 |   266 |       ||   404

Table legend:
 A = Non-vault XP
 B = Vault XP
 C = Vault XP percentage of total XP
 D = Non-vault monster count
 E = Vault monster count
 F = Vault count percentage of total count
                 A         B        C        D         E       F
            +---------+---------+-------+---------+---------+-------
      Total |   12536 |    4492 |  26.4 |     228 |      78 |  25.5
            +---------+---------+-------+---------+---------+-------
        D:1 |      32 |      11 |  25.6 |      17 |       6 |  26.1
        D:2 |       9 |       0 |   0.0 |       6 |       0 |   0.0
        D:3 |       8 |     286 |  97.3 |       5 |       1 |  16.7
        D:4 |     331 |       0 |   0.0 |      19 |       0 |   0.0
        D:5 |     379 |       0 |   0.0 |      19 |       0 |   0.0
        D:6 |     801 |      25 |   3.0 |      15 |       4 |  21.1
        D:7 |    1283 |     229 |  15.1 |      24 |       2 |   7.7
        D:8 |     485 |    1331 |  73.3 |      22 |       2 |   8.3
        D:9 |    3613 |     283 |   7.3 |      48 |       1 |   2.0
       D:10 |    1661 |       0 |   0.0 |      15 |       0 |   0.0
       D:11 |    3934 |    1802 |  31.4 |      38 |      25 |  39.7
      Sewer |       0 |     241 | 100.0 |       0 |      24 | 100.0
    Ossuary |       0 |     284 | 100.0 |       0 |      13 | 100.0
            +---------+---------+-------+---------+---------+-------
